 Dungeon Crawl Stone Soup version 0.18-a0-1523-gbe15c29 (webtiles) character file.

95 M4edhros the Insei (level 4, -2/35 HPs)
             Began as a Mummy Monk on Mar 7, 2016.
             Slain by FrancescoMac's ghost (5 damage)
             ... on level 3 of the Dungeon.
             The game lasted 00:05:42 (3221 turns).

M4edhros the Insei (Mummy Monk)                     Turns: 3221, Time: 00:05:43

Health: -2/35      AC:  0    Str: 14    XL:     4   Next: 40%
Magic:  4/4        EV:  8    Int:  9    God:
Gold:   96         SH:  0    Dex: 15    Spells: 0 memorised, 3 levels left

rFire  x . .     SeeInvis .       - Unarmed
rCold  + . .     Gourm    .     (no armour)
rNeg   + + +     Faith    .     (no shield)
rPois  ∞         Spirit   .     (no helmet)
rElec  .         Dismiss  .     (no cloak)
rCorr  .         Reflect  .     (no gloves)
SustAt .         Harm     .     (no boots)
MR     .....                    (no amulet)
Stlth  +.........               (no ring)
                                (no ring)

@: glowing, not resistant to hostile enchantments, very unstealthy
A: no food or potions, fire vulnerability, cold resistance 1, negative energy
resistance 3, torment resistance, unbreathing
a: no special abilities


You were on level 3 of the Dungeon.
You were not hungry.

You visited 1 branch of the dungeon, and saw 3 of its levels.

You collected 96 gold pieces.

Inventory:

Scrolls
 a - a scroll of teleportation
 b - 2 scrolls of identify
 e - a scroll of immolation
 f - a scroll of remove curse {unknown}
Comestibles
 c - a fruit
 d - a meat ration


   Skills:
 - Level 3.0 Fighting
 - Level 2.4 Dodging
 - Level 1.5 Stealth
 + Level 4.9 Unarmed Combat


You had 3 spell levels left.
You didn't know any spells.

Dungeon Overview and Level Annotations

Branches:
Dungeon (3/15)

Altars:

Annotations:
D:2 Sigmund
D:3 FrancescoMac's ghost, amateur KoEn


Innate Abilities, Weirdness & Mutations

You do not eat or drink.
Your flesh is vulnerable to fire.
You are immune to poison.
Your flesh is cold resistant.
You are immune to negative energy.
You are immune to unholy pain and torment.
You can survive without breathing.


Message History

FrancescoMac's ghost is severely damaged.
FrancescoMac's ghost hits you.
You miss FrancescoMac's ghost.
FrancescoMac's ghost is severely damaged.
FrancescoMac's ghost hits you.
You hit FrancescoMac's ghost.
FrancescoMac's ghost is almost destroyed.
FrancescoMac's ghost hits you.
You miss FrancescoMac's ghost.
FrancescoMac's ghost is almost destroyed.
FrancescoMac's ghost hits you.
* * * LOW HITPOINT WARNING * * *
You closely miss FrancescoMac's ghost.
FrancescoMac's ghost is almost destroyed.
You hit FrancescoMac's ghost.
FrancescoMac's ghost is almost destroyed.
FrancescoMac's ghost hits you.
* * * LOW HITPOINT WARNING * * *
FrancescoMac's ghost hits you.
You die...

# .. .##
.[..
####.....
#........
..#.#+##.#
$......W@#
.>.......#
......<..#
......[..#
%........#
+#######..
#.. #...


You could see FrancescoMac's ghost.

Vanquished Creatures
  5 adders
  A dart slug (D:1)
  3 giant geckos
  6 bats
  4 giant cockroaches
  5 goblins
  5 hobgoblins
  4 kobolds (D:1)
  A quokka (D:2)
  A ball python (D:2)
  3 giant newts
  6 rats
44 creatures vanquished.

Notes
Turn   | Place    | Note
--------------------------------------------------------------
     0 | D:1      | M4edhros the Mummy Monk began the quest for the Orb.
     0 | D:1      | Reached XP level 1. HP: 18/18 MP: 1/1
   320 | D:1      | Reached XP level 2. HP: 4/24 MP: 2/2
   771 | D:1      | Reached skill level 4 in Unarmed Combat
  1294 | D:2      | Reached XP level 3. HP: 27/29 MP: 3/3
  2077 | D:2      | Noticed Sigmund
  2311 | D:1      | Reached XP level 4. HP: 16/35 MP: 4/4
  2941 | D:3      | Noticed FrancescoMac's ghost (amateur KoEn)
  3221 | D:3      | Slain by FrancescoMac's ghost

Vault maps used:
D:1:      evilmike_arrival_crescent, serial_bayou_pond_e,
          minmay_tree_intersection, kennysheep_crisscross
D:2:      grunt_ministairs_5, uniq_sigmund
D:3:      zin_academy, nicolae_dithmenos_through_a_glass_darkly,
          nicolae_qazlal_general_emergency, grunt_ministairs_14,
          guppyfry_early_orc_mine, uniq_terence, uniq_iyjb, uniq_robin

Skill      XL: |  1  2 |
---------------+-------+-----
Unarmed Combat | 4 |  4.9
Fighting       | |  3.0
Dodging        | |  2.4
Stealth        | |  1.5

Action                   |  1- 3 |  4- 6 || total
-------------------------+-------+-------++-------
Melee: Unarmed           |   142 |    51 ||   193
  Use: Scroll            |     4 |       ||     4
 Stab: Sleeping          |     8 |       ||     8
